 Dungeon Crawl Stone Soup version 0.14.0-18-g0341e45 (webtiles) character file.

354 HungrySpirit the Chopper (level 5, 0/42 HPs)
             Began as a Minotaur Gladiator on Apr 19, 2014.
             Was a Follower of Okawaru.
             Slain by Pikel
             ... wielding a +2,+2 whip of electrocution
              (15 damage)
             ... on Level 4 of the Dungeon.
             The game lasted 00:03:52 (2078 turns).

HungrySpirit the Chopper (Minotaur Gladiator)       Turns: 2078, Time: 00:03:52

HP   0/42        AC  3     Str 20      XL: 5   Next: 73%
MP   0/2         EV 27     Int  5      God: Okawaru [*.....]
Gold 122         SH  0     Dex 16      Spells:  0 memorised,  4 levels left

rFire  . . .     SeeInvis .     a - +0 war axe
rCold  . . .     Clarity  .     b - +0 leather armour
rNeg   . . .     Conserve .     (no shield)
rPois  .         rCorr    .     c - +0 hat
rElec  .         rRot     .     (no cloak)
SustAb . .       Spirit   .     (no gloves)
rMut   .         Warding  .     (no boots)
Gourm  +         Stasis   .     t - amulet of the gourmand
MR     .....                    (no ring)
                                v - +5 ring of evasion

@: agile, heroism, not resistant to hostile enchantments, quite stealthy
A: retaliatory headbutt, horns 2
a: Heroism, Renounce Religion


You were on level 4 of the Dungeon.
You worshipped Okawaru.
Okawaru was aware of your devotion.
You were not hungry.

You visited 1 branch of the dungeon, and saw 4 of its levels.

You collected 122 gold pieces.

Inventory:

Hand weapons
 a - a +0,+0 war axe (weapon)
Missiles
 d - 3 throwing nets (quivered)
Armour
 b - a +0 leather armour (worn)
 c - a +0 hat (worn)
Magical devices
 r - a wand of magic darts (24)
Comestibles
 f - a bread ration
 h - a slice of pizza
 i - 2 apples
 p - a meat ration
 s - a pear
Scrolls
 k - a scroll of identify
 l - a scroll of magic mapping
 n - a scroll of amnesia {unknown}
Jewellery
 g - an uncursed ring of fire
 t - an amulet of the gourmand (around neck)
 v - a +5 ring of evasion (left hand)
Potions
 e - a potion of resistance
 j - 4 potions of curing
 o - a potion of brilliance


   Skills:
 - Level 2.4(7.4) Fighting
 + Level 7.8(12.8) Axes
 - Level 2.0(7.0) Throwing
 - Level 3.2(8.2) Dodging


You had 4 spell levels left.
You didn't know any spells.

Dungeon Overview and Level Annotations

Branches:
Dungeon (4/15)
 Temple: D:4-7

Altars:
Okawaru

Annotations:
D:4 Pikel


Innate Abilities, Weirdness & Mutations

You reflexively headbutt those who attack you in melee.
You have a pair of horns on your head.


Message History

You feel agile all of a sudden. The slave misses you.
A slave comes into view.
The slave shouts!
Pikel closely misses you. You furiously retaliate!
You headbutt Pikel, but do no damage.
Found a plate armour.
Drink which item? (? for menu, Esc to quit)
Okay, then.
Use which ability? (? or * to list)
You gain the combat prowess of a mighty hero.
You feel slightly more hungry. Pikel hits you with a runed whip.
You are electrocuted!
* * * LOW HITPOINT WARNING * * *
Unknown command.
Drink which item? (? for menu, Esc to quit)
You feel much better.
Pikel hits you with a whip of electrocution!
You are electrocuted!
You die...

#. .#. ..#..###
....[.. #..#.##
#.#..... #......##
#..@.# #.##K#
#.##@# #
..##.####### ..#
#.##.@....<###....#
#.###.......).....#
#.##...@........###
#.##............# #
#.##.#####.##...#


You could see Pikel and 2 slaves.

Vanquished Creatures
  3 orc wizards (D:3)
  Jessica (D:2)
  6 adders
  A giant gecko (D:1)
  12 orcs (D:3)
  8 hobgoblins
  2 quokkas (D:3)
  7 bats
  3 giant cockroaches
  3 giant newts
  8 goblins
  13 kobolds
  A kobold skeleton (D:4)
  7 rats
75 creatures vanquished.

Notes
Turn   | Place    | Note
--------------------------------------------------------------
     0 | D:1      | HungrySpirit, the Minotaur Gladiator, began the quest for the Orb.
     0 | D:1      | Reached XP level 1. HP: 18/18 MP: 1/1
   244 | D:1      | Reached skill level 4 in Axes
   286 | D:1      | Reached XP level 2. HP: 22/25 MP: 1/1
   714 | D:2      | Noticed Jessica
   722 | D:2      | Killed Jessica
   722 | D:2      | Reached skill level 5 in Axes
   722 | D:2      | Reached XP level 3. HP: 16/30 MP: 2/2
   925 | D:2      | Found an iron altar of Okawaru.
   935 | D:2      | Became a worshipper of Warmaster Okawaru
  1298 | D:2      | Reached XP level 4. HP: 37/37 MP: 2/2
  1555 | D:3      | Reached skill level 6 in Axes
  1607 | D:3      | Reached XP level 5. HP: 37/42 MP: 2/2
  1611 | D:3      | Reached skill level 7 in Axes
  1631 | D:3      | Acquired Okawaru's first power
  2039 | D:4      | Noticed a slave
  2060 | D:4      | Noticed a slave
  2063 | D:4      | Noticed a slave
  2067 | D:4      | Noticed Pikel
  2070 | D:4      | Noticed a slave
  2078 | D:4      | Slain by Pikel

Action                   |  1- 3 |  4- 6 || total
-------------------------+-------+-------++-------
Melee: War axe           |    75 |    69 ||   144
Invok: Heroism           |       |     1 ||     1
Evoke: Wand              |     1 |       ||     1
  Use: Scroll            |       |     7 ||     7
       Potion            |       |     2 ||     2
